 Dungeon Crawl Stone Soup version 0.13-a0-1502-g99810c3 (webtiles) character file.

1137 Kae the Archer (level 8, -2/61 HPs)
             Began as a Centaur Hunter on June 8, 2013.
             Was an Initiate of Okawaru.
             Killed from afar by an orc wizard (11 damage)
             ... with a puff of flame
             ... on Level 5 of the Dungeon.
             The game lasted 00:09:07 (4573 turns).

Kae the Archer (Centaur Hunter)                     Turns: 4573, Time: 00:09:07

HP  -2/61        AC  5     Str 17      XL: 8   Next:  7%
MP   5/5         EV  9     Int 10      God: Okawaru [......]
Gold 69          SH  0     Dex 12      Spells:  0 memorised,  7 levels left

Res.Fire  : . . .   See Invis. : .   b - +1 bow
Res.Cold  : . . .   Warding    : .   d - +0 leather armour
Life Prot.: + . .   Conserve   : .   (no shield)
Res.Poison: .       Res.Corr.  : .   (no helmet)
Res.Elec. : .       Clarity    : .   x - +0 cloak
Sust.Abil.: . .     Spirit.Shd : .   (no gloves)
Res.Mut.  : .       Stasis     : .   (no barding)
Res.Rott. : .       Flight     : .   r - amulet of the gourmand
Gourmand  : +                        G - +2 ring of strength
                                     e - ring of life protection

@: very quick, slightly resistant to hostile enchantments, very unstealthy
A: hooves 3, deformed body, herbivore 1, speed 2, fast metabolism 1, tough skin
3
a: Renounce Religion


You were on level 5 of the Dungeon.
You worshipped Okawaru.
Okawaru was pleased with you.
You were hungry.

You visited 2 branches of the dungeon, and saw 6 of its levels.

You collected 243 gold pieces.
You spent 194 gold pieces at shops.

Inventory:

Hand weapons
 a - a +0,+3 hand axe of flaming
 b - a +1,+1 bow (weapon)
 p - a +0,+0 short sword
Missiles
 c - 65 arrows (quivered)
Armour
 d - a +0 leather armour (worn)
 x - a +0 cloak (worn)
Magical devices
 L - a wand of fireball (0)
Comestibles
 f - 7 bread rations
 n - 8 chunks of orc flesh
 w - a chunk of adder flesh
 z - 2 pears
 I - 3 apples
 N - a choko
Scrolls
 g - 5 scrolls of remove curse {unknown}
 m - 2 scrolls of teleportation
 s - a scroll of curse armour {unknown}
 t - a scroll of noise {unknown}
 y - a scroll of immolation {unknown}
 C - 5 scrolls of identify
Jewellery
 e - a ring of life protection (left hand)
 q - an uncursed ring of wizardry
 r - an amulet of the gourmand (around neck)
 D - an uncursed ring of wizardry
 G - a +2 ring of strength (right hand)
Potions
 h - a potion of restore abilities {unknown}
 i - a potion of confusion {unknown}
 k - a potion of curing {unknown}
 o - a potion of resistance {unknown}
 u - a potion of heal wounds {unknown}
 v - a potion of poison {unknown}
 B - a potion of berserk rage {unknown}
 F - a potion of agility {unknown}
 J - a potion of beneficial mutation {unknown}
 K - a potion of mutation {unknown}
Books
 A - a Necronomicon {highlevel}

   This book is beyond your current level of understanding.

   Spells                             Type                      Level
   Borgnjor's Revivification          Necromancy                   7
   Haunt                              Necromancy/Summoning         7
   Death's Door                       Charms/Necromancy            8
   Necromutation                      Transmutation/Necromancy     8


   Skills:
 - Level 1.0 Fighting
 + Level 4.1 Axes
 * Level 11.0 Bows
 - Level 0.7 Armour
 - Level 1.7 Dodging
 - Level 0.5 Stealth


You had 7 spell levels left.
You didn't know any spells.

Dungeon Overview and Level Annotations

Branches:
Dungeon (5/27)             Temple (1/1) D:4

Altars:
Ashenzari
Cheibriados
Kikubaaqudgha
Makhleb
Nemelex Xobeh
Okawaru
Sif Muna
Trog
Vehumet
Xom
Yredelemnul
Zin
the Shining One

Shops:
D:5: *(%


Innate Abilities, Weirdness & Mutations

You have hooves in place of feet.
Armour fits poorly on your strangely shaped body.
You digest meat inefficiently.
You cover ground very quickly.
You have a fast metabolism.
You have extremely tough skin (AC +3).


Message History

Press: ? - help, Shift-Dir - straight line, f/p - orc priest
Aim: an orc priest, wielding an orcish hand axe and wearing an orcish scale mail (heavily wounded)
You shoot an arrow. The arrow hits something.
The orc priest mumbles some strange prayers to Beogh against you.
Something smites you!
* * * LOW HITPOINT WARNING * * *
Unknown command.
Firing (i - inventory. (,) - cycle):
c - 67 arrows (quivered)
Press: ? - help, Shift-Dir - straight line, f/p - orc priest
Aim: an orc priest, wielding an orcish hand axe and wearing an orcish scale mail (heavily wounded)
You shoot an arrow. The arrow misses the orc priest.
It hits you but does no damage.
Firing (i - inventory. (,) - cycle):
c - 66 arrows (quivered)
Press: ? - help, Shift-Dir - straight line, f/p - orc priest
Aim: an orc priest, wielding an orcish hand axe and wearing an orcish scale mail (heavily wounded)
You shoot an arrow. The arrow hits something.
You hear some strange, mumbled words.
A puff of flame appears from out of thin air!
The puff of flame hits you!
You die...

...# .........# ...#
....(.....# ...#
(.(........# ####
...........# ..(..{.....#
....((......# ###########
#o#.# #.........# #(#.#
#.........# #@#.#
#.........######.#.########
........................(.#
#.........#.###.#.#######.#
#.........#.# #.#.#######
#######.###.###.#.......#
#.# #.....#######.# #.#
####### #.#
#.###############.#


You could see an orc priest.

Vanquished Creatures
  Pikel (D:4)
  A hungry ghost (D:4)
  An ogre (D:5)
  3 orc priests
  2 scorpions (D:4)
  A worker ant (D:4)
  An orc wizard (D:5)
  10 adders
  An adder zombie (D:5)
  An inept feature mimic (D:4)
  An adder skeleton (D:4)
  2 worms
  2 giant geckos
  8 orcs
  9 bats
  6 giant cockroaches
  16 hobgoblins
  10 jackals
  6 kobolds
  2 quokkas
  2 giant newts
  10 goblins
  A kobold skeleton (D:5)
  7 rats
104 creatures vanquished.

Vanquished Creatures (others)
  A goblin (D:4)
  A rat (D:1)
2 creatures vanquished.

Grand Total: 106 creatures vanquished

Notes
Turn   | Place    | Note
--------------------------------------------------------------
     0 | D:1      | Kae, the Centaur Hunter, began the quest for the Orb.
     0 | D:1      | Reached XP level 1. HP: 17/17 MP: 0/0
   112 | D:1      | Reached XP level 2. HP: 19/24 MP: 1/1
   131 | D:1      | Reached skill level 6 in Bows
   940 | D:2      | Reached XP level 3. HP: 25/29 MP: 2/2
  1100 | D:2      | HP: 1/29 [poisoned by an adder]
  1633 | D:2      | Reached XP level 4. HP: 31/36 MP: 2/2
  1721 | D:2      | Reached skill level 7 in Bows
  2195 | D:3      | Reached skill level 1 in Axes
  2554 | D:3      | Reached XP level 5. HP: 38/41 MP: 3/3
  3129 | D:4      | Found an ancient bone altar of Kikubaaqudgha.
  3293 | D:4      | Reached skill level 8 in Bows
  3429 | D:4      | Reached XP level 6. HP: 35/48 MP: 4/4
  3471 | D:4      | Found a basalt altar of Yredelemnul.
  3496 | D:4      | Noticed a hungry ghost
  3514 | D:4      | Killed a hungry ghost
  3514 | D:4      | Reached skill level 9 in Bows
  3550 | D:4      | Noticed Pikel
  3550 | D:4      | Noticed a slave
  3550 | D:4      | Noticed a slave
  3550 | D:4      | Noticed a slave
  3552 | D:4      | Noticed a slave
  3577 | D:4      | Killed Pikel
  3577 | D:4      | Reached skill level 10 in Bows
  3577 | D:4      | Reached XP level 7. HP: 17/53 MP: 4/4
  3861 | D:4      | Found a staircase to the Ecumenical Temple.
  3872 | Temple   | Entered the Ecumenical Temple
  3904 | Temple   | Became a worshipper of Warmaster Okawaru
  4224 | D:5      | Entered Level 5 of the Dungeon
  4258 | D:5      | Found Ivvon's Food Boutique.
  4266 | D:5      | Bought a bread ration for 56 gold pieces
  4297 | D:5      | Found Sastrupt's Assorted Antiques.
  4367 | D:5      | Bought a scroll labeled TWUETRUXAP for 23 gold pieces
  4367 | D:5      | Bought a scroll labeled JEGULO ZYUBBYOXO for 23 gold pieces
  4367 | D:5      | Bought a scroll of identify for 46 gold pieces
  4367 | D:5      | Bought a scroll of identify for 46 gold pieces
  4400 | D:5      | Reached skill level 11 in Bows
  4400 | D:5      | Reached XP level 8. HP: 61/61 MP: 5/5
  4416 | D:5      | Found Choitt's Antique Weapon Shoppe.
  4573 | D:5      | Killed from afar by an orc wizard

Action                   |  1- 3 |  4- 6 |  7- 9 || total
-------------------------+-------+-------+-------++-------
Melee: Short sword       |    85 |       |       ||    85
       Hand axe          |    18 |   168 |    13 ||   199
 Fire: Bow               |     3 |    19 |    43 ||    65
Evoke: Wand              |       |       |     1 ||     1
  Use: Scroll            |       |       |    12 ||    12
